 Dungeon Crawl Stone Soup version 0.29.1-12-g30fa7ad0bf (webtiles) character file.

Game seed: 6030818512701290240

10 Peloso the Trooper (level 2, 27/27 HPs)
             Began as a Minotaur Fighter on Dec 24, 2022.
             Got out of the dungeon alive.
             The game lasted 00:00:55 (314 turns).

Peloso the Trooper (Minotaur Fighter)                Turns: 314, Time: 00:00:55

Health: 27/27      AC:  8    Str: 18    XL:     2   Next: 10%
Magic:  1/1        EV:  9    Int:  5    God:
Gold:   50         SH:  4    Dex:  9    Spells: 1/1 levels left

rFire   . . .      SeeInvis .   a - +0 long sword
rCold   . . .      Faith    .   d - +0 buckler
rNeg    . . .      Spirit   .   b - +0 scale mail
rPois   .          Reflect  .   (helmet restricted)
rElec   .          Harm     .   (no cloak)
rCorr   .          Rampage  .   (no gloves)
Will    .....                   c - +0 pair of boots
Stlth   ..........              (no amulet)
HPRegen 0.09/turn               (no ring)
MPRegen 0.07/turn               (no ring)

@: no status effects
A: horns 2, retaliatory headbutt, weak 1
a: no special abilities


You escaped.
You visited 1 branch of the dungeon, and saw 1 of its levels.

You collected 50 gold pieces.

Inventory:

Hand Weapons
 a - a +0 long sword (weapon)
Armour
 b - a +0 scale mail (worn)
 c - a +0 pair of boots (worn)
 d - a +0 buckler (worn)
Scrolls
 f - a scroll of fog {unknown}
Potions
 e - a potion of might
 h - a potion of degeneration {unknown}


   Skills:
 + Level 4.0 Fighting
 + Level 2.4 Long Blades
 + Level 3.8 Armour
 + Level 3.8 Shields


You had one spell level left.
You didn't know any spells.
Your spell library was empty.

Dungeon Overview and Level Annotations

Branches:
Dungeon (1/15)

Altars:


Innate Abilities, Weirdness & Mutations

You have a pair of horns on your head.
You reflexively headbutt those who attack you in melee.
You are weak. (Str -2)


Message History

The rat is severely wounded.
You block the rat's attack.
You closely miss the rat.
The rat is severely wounded.
The rat barely misses you. The rat bites you but does no damage.
You barely miss the rat.
The rat is moderately wounded.
The rat bites you but does no damage.
You slash the rat!
You kill the rat!
You see here a rat corpse.
A bat comes into view.
Found a metallic yellow potion.
A bat is nearby!
A bat is nearby!
You hit the bat but do no damage. You headbutt the bat.
You kill the bat!
You have reached level 2!
h - a metallic yellow potion
Found a stone staircase leading down.
A giant cockroach comes into view.
The giant cockroach moves out of view.
The giant cockroach barely misses you.
You hit the giant cockroach but do no damage.
Your headbutt misses the giant cockroach.
The giant cockroach bites you but does no damage.
The giant cockroach closely misses you. You furiously retaliate!
You headbutt the giant cockroach!
You kill the giant cockroach!
Your Fighting skill increases to level 4!
It was a potion of mutation.
You feel extremely strange.
You feel weaker.
(D) Dungeon
Where to? (? - help)
What level of the Dungeon? (default 1, ? - help)
You see here a giant cockroach corpse.
There is an escape hatch in the floor here.
There is a staircase leading out of the dungeon here.
Are you sure you want to leave the Dungeon?
This will make you lose the game!
You have escaped!

## ######.
#.###.##..
#...#..#.##
###.##.#..#
#....#.##.#
#.รท#...S..# ###
#..########
#...###.#...#..#
..#
#....@....#.##
#.#
#...#.###...#
#.#
#####..#..####
#.# #..#.##..#
#.# ...#....##
#.# .###.#####
#.##### #.
#.#...# ......#
## #...#.##
#.###.# #####..#


There were no monsters in sight!

Vanquished Creatures
  2 bats (D:1)
  An endoplasm (D:1)
  A giant cockroach (D:1)
  3 kobolds (D:1)
  2 ball pythons (D:1)
  A rat (D:1)
10 creatures vanquished.

Notes
Turn   | Place    | Note
-------+----------+-------------------------------------------
     0 | D:1      | Peloso the Minotaur Fighter began the quest for the Orb.
     0 | D:1      | Reached XP level 1. HP: 19/19 MP: 0/0
   248 | D:1      | Reached XP level 2. HP: 27/27 MP: 1/1
   266 | D:1      | Reached skill level 4 in Fighting
   266 | D:1      | Gained mutation: You are weak. (Str -2) [potion of
                  | mutation]
   314 | D:$      | Got out of the dungeon alive.

Illustrated notes

Levels and vault maps discovered:
D:1:      psy_arrival_radial01, layout_loops_ring, minmay_tiny_reverse_x

Skill      XL: |  1  2 |
---------------+-------+-----
Fighting       | 4 |  4.0
Long Blades    | |  2.4
Armour         | |  3.8
Shields        | |  3.8

Action                   || total
-------------------------++-------
Melee: Long sword        ||    25
       Headbutt          ||     3
  Use: Potion            ||     1
Armor: Scale mail        ||    13
Dodge: Dodged            ||    19
Block: Buckler           ||     6
